 Dungeon Crawl Stone Soup version 0.27-a0-1119-gbf574a6a6b (webtiles) character file.

Game seed: 6762349413876552517

11617 Zeld the Blocker (level 11, -3/117 HPs)
             Began as an Octopode Fighter on May 2, 2021.
             Was a High Priest of Okawaru.
             Hit by a large rock thrown by a cyclops (50 damage)
             ... on level 11 of the Dungeon.
             The game lasted 00:20:25 (14859 turns).

Zeld the Blocker (Octopode Fighter)                Turns: 14859, Time: 00:20:25

Health: -3/117     AC:  1    Str: 20    XL:     11   Next: 80%
Magic:  18/20      EV: 15    Int: 10    God:    Okawaru [*****.]
Gold:   372        SH: 17    Dex: 11    Spells: 10/10 levels left

rFire    + . .     SeeInvis +   H - +1 war axe "Octopus's Doom" {freeze, +Blink +Rage rPois SInv}
rCold    + . .     Faith    .   b - +3 kite shield
rNeg     . . .     Spirit   .   (helmet restricted)
rPois    +         Reflect  .   f - amulet of regeneration
rElec    .         Harm     .   k - ring of magical power
rCorr    .         Rampage  .   o - ring of see invisible
Will     .....                  z - ring "Dimur" {rF+ rC+}
Stlth    ..........             G - +4 ring of slaying
HPRegen  1.29/turn              (no ring)
MPRegen  0.17/turn              (no ring)
                                (no ring)
                                (no ring)

@: berserking, heroic, very quick
A: almost no armour, amphibious, 8 rings, camouflage 1, gelatinous body 1,
(nimble swimmer 1), tentacles
a: Renounce Religion, Evoke Blink, Evoke Berserk Rage, Heroism, Finesse


You were on level 11 of the Dungeon.
You worshipped Okawaru.
Okawaru was extremely pleased with you.
You visited 2 branches of the dungeon, and saw 12 of its levels.

You collected 439 gold pieces.
You spent 67 gold pieces at shops.

Inventory:

Hand Weapons
 a - a +0 war axe
 H - the +1 war axe "Octopus's Doom" (weapon) {freeze, +Blink +Rage rPois SInv}
   (You found it on level 9 of the Dungeon)

   It has been specially enchanted to freeze those struck by it, causing extra
   injury to most foes and up to half again as much damage against particularly
   susceptible opponents.
   It can also slow down cold-blooded creatures.
   It protects you from poison.
   It lets you see invisible.
   It lets you blink.
   It lets you go berserk.
Missiles
 i - 30 poisoned darts (quivered)
 m - 11 boomerangs
 y - 20 javelins
Armour
 b - a +3 kite shield (worn)
Jewellery
 f - an amulet of regeneration (around mantle)
 k - a ring of magical power (left tentacle)
 o - a ring of see invisible (right tentacle)
 z - the ring "Dimur" (on tentacle) {rF+ rC+}
   (You found it on level 5 of the Dungeon)

   [ring of protection from cold]

   It protects you from fire.
   It protects you from cold.
 G - a +4 ring of slaying (on tentacle)
Wands
 c - a wand of polymorph (13)
 l - a wand of acid (12)
 C - a wand of iceblast (6)
 E - a wand of charming (9)
Scrolls
 g - 2 scrolls of summoning
 j - 4 scrolls of teleportation
 u - 5 scrolls of amnesia
 w - a scroll of holy word {unknown}
 x - a scroll of magic mapping {unknown}
 B - a scroll of fear {unknown}
 F - a scroll of blinking {unknown}
 I - a scroll of vulnerability {unknown}
Potions
 d - 4 potions of curing {unknown}
 e - 4 potions of attraction {unknown}
 h - a potion of invisibility {unknown}
 q - a potion of heal wounds {unknown}
 r - 2 potions of mutation {unknown}
 s - 4 potions of brilliance {unknown}
 A - 2 potions of magic {unknown}
 D - a potion of cancellation {unknown}
 J - a potion of might


   Skills:
 + Level 8.7(13.7) Fighting
 * Level 11.0(16.0) Axes
 - Level 6.0(11.0) Throwing
 - Level 3.0(8.0) Dodging
 * Level 11.3(16.3) Shields


You had 10 spell levels left.
You didn't know any spells.
Your spell library contained the following spells:

 Spells                   Type           Power      Damage    Failure   Level
 Sandblast                Erth           0%         2d4       36%         1
 Passwall                 Tmut/Erth      0%         N/A       50%         2
 Stone Arrow              Conj/Erth      0%         3d7       75%         3
 Petrify                  Tmut/Erth      0%         N/A       98%         4
 Lee's Rapid Deconstruct  Erth           0%         3d5*      100%        5


Dungeon Overview and Level Annotations

Branches:
Dungeon (11/15)            Temple (1/1) D:7             Orc (0/2) D:10
   Lair: D:8-11

Altars:
Ashenzari
Cheibriados
Dithmenos
Elyvilon
Fedhas
Gozag
Hepliaklqana
Kikubaaqudgha
Makhleb
Nemelex Xobeh
Okawaru
Qazlal
Ru
Sif Muna
Trog
Uskayaw
Vehumet
Wu Jian
Xom
Yredelemnul
Zin
The Shining One

Shops:
D:1 *   D:6 [

Annotations:
D:10 2 transporters, bnns's ghost, novice DsGl


Innate Abilities, Weirdness & Mutations

You cannot wear most types of armour.
You are amphibious.
You can wear up to eight rings at the same time.
Your skin changes colour to match your surroundings (Stealth+).
Your rubbery body absorbs attacks. (AC +1, EV +1)
((You are camouflaged near water. (Stealth+)))
You have tentacles for arms and can constrict up to eight enemies at once.


Message History

You block the troll's attack. x2; The troll barely misses you.
You hit the troll. You freeze the troll.
The troll is almost dead.
The troll barely misses you. You block the troll's attack. x2
You slash the troll! You freeze the troll.
You kill the troll!
Okawaru accepts your kill.
You start resting.
HP restored.
You start waiting.
A shadow comes into view.
A shadow is nearby!
A shadow is nearby!
No target in view!
No target in view!
Search for what [Enter for "hat", or ? for help]? flam Unknown command.
Search for what [Enter for "flam", or ? for help]? hat Can't find anything matching that.
Things that are here:
10 arrows; a +0 shortbow; a centaur skeleton A cyclops comes into view.
A cyclops is nearby!
A bullfrog comes into view.
You see here a scroll labelled CESTRE WAGIGIX.
The cyclops shouts!
The cyclops throws a large rock.
The large rock barely misses you.
You start waiting.
A cyclops is nearby!
You gain the combat prowess of a mighty hero.
The cyclops throws a large rock.
The large rock hits you!!!
Ouch! That really hurt!
You are too injured to fight recklessly!
Okay, then.
A red film seems to cover your vision as you go berserk!
You feel yourself moving faster!
You feel mighty!
You are too injured to fight recklessly!
You feel a strong urge to attack something.
The cyclops throws a large rock.
The large rock hits you!!!
You die...

.....#.)......#.....#
....)#........#[....# .
.....#.(......##....# ..
.....###.<.....#.<..# ...
...††..#.......#..)(######....
.......#.......#..............
.......#.......#..C...........
...<...#.......#......?.......
.......##+######@#######......
######...........# .....
#....#...........# ....
#....'...........# ...
#....#...........#######. ..
###+##..........^........ .
.........................
.........................
#+##########.............


You could see a cyclops.

Vanquished Creatures
  Erolcha (D:11)
  A two-headed ogre (D:10)
  Pikel (D:8)
  Joseph (D:8)
  Psyche (D:8)
  An unseen horror (D:10)
  A kobold demonologist (D:10)
  2 trolls (D:11)
  5 slime creatures (D:10)
  Sigmund (D:2)
  A wyvern (D:9)
  7 yaks
  A steam dragon (D:8)
  Menkaure (D:7)
  Edmund (D:4)
  2 water moccasins
  A black bear (D:11)
  2 sky beasts
  8 orc warriors
  2 ice beasts (D:6)
  6 ogres
  A necrophage (D:6)
  2 phantoms
  A lemure (D:8)
  10 centaurs
  2 kobold brigands
  4 bullfrogs
  2 gnoll sergeants
  2 scorpions
  A water moccasin skeleton (D:6)
  3 wights (D:8)
  5 howler monkeys
  2 centaur zombies
  A bullfrog zombie (D:5)
  2 hounds
  Crazy Yiuf (D:2)
  A centaur skeleton (D:6)
  4 gnoll shamans (D:10)
  6 orc priests
  A jelly (D:7)
  Terence (D:2)
  7 iguanas
  11 orc wizards
  7 adders
  16 gnolls
  A shadow imp (D:6)
  A white imp (D:6)
  An ufetubus (D:6)
  3 adder skeletons
  An adder zombie (D:5)
  4 dart slugs
  71 orcs
  6 endoplasms
  3 giant cockroaches
  13 goblins
  10 hobgoblins
  2 jackals (D:2)
  3 quokkas
  8 ball pythons
  5 bats
  11 frilled lizards
  12 kobolds
  2 rats
297 creatures vanquished.

Vanquished Creatures (others)
  49 fungi
  46 plants
95 creatures vanquished.

Grand Total: 392 creatures vanquished

Notes
Turn   | Place    | Note
-------+----------+-------------------------------------------
     0 | D:1      | Zeld the Octopode Fighter began the quest for the Orb.
     0 | D:1      | Reached XP level 1. HP: 16/16 MP: 1/1
   249 | D:1      | Reached XP level 2. HP: 21/21 MP: 2/2
   387 | D:1      | Found Usiugg's General Store.
   495 | D:1      | Reached XP level 3. HP: 26/26 MP: 3/3
   884 | D:2      | Noticed Sigmund
  1327 | D:2      | Killed Sigmund
  1328 | D:2      | Reached XP level 4. HP: 19/33 MP: 4/4
  1328 | D:2      | Reached XP level 5. HP: 21/37 MP: 5/5
  1401 | D:2      | Noticed Terence
  1414 | D:2      | Killed Terence
  1415 | D:2      | Reached skill level 1 in Throwing
  1415 | D:2      | Reached XP level 6. HP: 39/43 MP: 6/6
  1996 | D:2      | Found a runed translucent door.
  1997 | D:2      | Noticed Crazy Yiuf
  2004 | D:2      | Killed Crazy Yiuf
  2871 | D:3      | Found a faded altar of an unknown god.
  3001 | D:4      | Reached XP level 7. HP: 32/48 MP: 7/7
  3055 | D:4      | Noticed Edmund
  3066 | D:4      | Killed Edmund
  3067 | D:4      | Reached skill level 5 in Throwing
  3120 | D:4      | Found an iron altar of Okawaru.
  3129 | D:4      | Became a worshipper of Warmaster Okawaru
  3747 | D:1      | Bought 6 javelins for 67 gold pieces
  3923 | D:5      | Entered Level 5 of the Dungeon
  4258 | D:5      | Identified the ring "Dimur" {rF+ rC+}
  4277 | D:5      | Reached XP level 8. HP: 53/54 MP: 8/8
  4347 | D:5      | Reached * piety under Okawaru
  4416 | D:5      | Reached skill level 5 in Shields
  4550 | D:5      | Reached skill level 5 in Fighting
  4970 | D:6      | Reached skill level 5 in Axes
  5179 | D:6      | Found Qog Vude's Armour Shoppe.
  5278 | D:6      | Reached XP level 9. HP: 53/61 MP: 9/9
  5337 | D:5      | Reached ** piety under Okawaru
  5909 | D:6      | Found a white marble altar of Elyvilon.
  6409 | D:7      | Found a shimmering blue altar of Sif Muna.
  6422 | D:7      | Noticed a +0 hand axe
  6423 | D:7      | Noticed a +0 hand axe
  6426 | D:7      | Found a hide-covered altar of Uskayaw.
  6469 | D:7      | Found a burning altar of Makhleb.
  7108 | D:7      | Found a staircase to the Ecumenical Temple.
  7128 | Temple   | Entered the Ecumenical Temple
  7428 | D:7      | Noticed Menkaure
  7438 | D:7      | Killed Menkaure
  7806 | D:8      | Noticed Pikel
  7821 | D:8      | Killed Pikel
  8268 | D:8      | Reached XP level 10. HP: 54/69 MP: 10/10
  8440 | D:8      | Noticed Psyche
  8451 | D:8      | Killed Psyche
  8451 | D:8      | Reached *** piety under Okawaru
  8601 | D:8      | Noticed Joseph
  8646 | D:8      | Killed Joseph
  9434 | D:9      | Identified the +1 war axe "Octopus's Doom" {freeze, +Blink
                  | +Rage rPois SInv}
  9646 | D:9      | Found a snail-covered altar of Cheibriados.
  9646 | D:9      | Found a bloodstained altar of Trog.
  9944 | D:10     | Entered Level 10 of the Dungeon
 10222 | D:10     | Found a shimmering altar of Xom.
 10281 | D:10     | Found a transporter.
 10556 | D:10     | Noticed bnns's ghost (novice DsGl)
 10582 | D:10     | Noticed a kobold demonologist
 10610 | D:10     | Found a staircase to the Orcish Mines.
 10638 | D:10     | Killed a kobold demonologist
 10654 | D:10     | Reached **** piety under Okawaru
 10829 | D:10     | Reached skill level 10 in Shields
 10829 | D:10     | Reached XP level 11. HP: 23/76 MP: 11/11
 11291 | D:10     | Reached skill level 10 in Axes
 11395 | D:10     | Found a transporter.
 12236 | D:11     | Noticed a two-headed ogre
 12238 | D:11     | Noticed a boulder beetle
 12247 | D:10     | Received a gift from Okawaru
 12486 | D:10     | Killed a two-headed ogre
 13966 | D:11     | Reached ***** piety under Okawaru
 13992 | D:11     | Noticed Erolcha
 14253 | D:11     | Killed Erolcha
 14839 | D:11     | Noticed a cyclops
 14859 | D:11     | Hit by a large rock thrown by a cyclops

Illustrated notes

Levels and vault maps discovered:
D:1:      elethiomel_arrival_quiet, layout_basic, serial_shops, shop,
          minmay_lizard_pond
D:2:      layout_basic, minmay_pentomino_z4, uniq_sigmund,
          uniq_crazy_yiuf_cottage, uniq_terence
D:3:      layout_loops_ring, basic_ecumenical_altar, minmay_quadrilaterals
D:4:      layout_basic, old_standard_altar, hangedman_decor_opposing,
          uniq_edmund
D:5:      layout_basic, minmay_misc_feat_enclosed
D:6:      layout_loops_corners, marbit_many_paths, serial_shops,
          kennysheep_mini_moat, st_stairs_9
D:7:      layout_basic, dancing_weapons_uskayaw, overflow_temple_1_default,
          nicolae_overflow_crystal_walls, minmay_temple_entry_slanted,
          uniq_menkaure
D:8:      layout_rooms, enter_bailey_3, uniq_pikel, uniq_joseph, uniq_psyche
D:9:      layout_roguey, gammafunk_temple_overflow_elements,
          minmay_misc_feat_tiny
D:10:     kennysheep_seaside_town, layout_rooms, lemuel_coloured_pillars_altar,
          hiddenorc1_lemuel, gammafunk_ghost_stat_death
D:11:     layout_irregular_city, due_lair_maze_entry_diamond, grunt_decor_cap,
          xom_redecorated, uniq_erolcha
Temple:   dpeg_chambers_temple

Skill      XL: |  1  2  3  4  5  6  7  8  9 10 11 |
---------------+----------------------------------+-----
Fighting       | 4 5 6 7 8 |  8.7
Axes           | 3 4 5 7 9 11 | 11.0
Shields        | 4 6 8 10 11 | 11.3
Throwing       | 1 4 6 |  6.0
Dodging        | |  3.0

Action                   |  1- 3 |  4- 6 |  7- 9 | 10-12 || total
-------------------------+-------+-------+-------+-------++-------
Melee: War axe           |    45 |   116 |   219 |   264 ||   644
       Tentacles         |     8 |    19 |    52 |    68 ||   147
       Constrict         |    14 |    26 |    49 |    46 ||   135
       Punch             |       |       |       |     2 ||     2
Throw: Dart              |       |     2 |     3 |    17 ||    22
       Boomerang         |       |       |     3 |       ||     3
       Javelin           |       |       |       |     2 ||     2
Invok: Heroism           |       |       |    11 |    12 ||    23
 Abil: Evoke Berserk Rag |       |       |       |     5 ||     5
Evoke: Wand              |       |       |       |     2 ||     2
  Use: Potion            |     1 |       |     1 |       ||     2
       Scroll            |       |       |       |     9 ||     9
 Stab: Sleeping          |     5 |     6 |    10 |     2 ||    23
       Distracted        |       |       |       |     1 ||     1
Armor: Skin              |     5 |     8 |     8 |    10 ||    31
Dodge: Dodged            |    22 |    50 |   109 |   156 ||   337
Block: Kite shield       |    17 |    43 |   118 |   217 ||   395

Table legend: (Time is in decaauts)
 A = Elapsed time spent in this place.
 B = Non-inter-level travel time spent in this place.
 C = Inter-level travel time spent in this place.
 D = Time resting spent in this place.
 E = Time spent auto-exploring this place.
 F = Levels seen in this place.
 G = Mean time per level.
                   A        B        C        D        E       F      G
               +--------+--------+--------+--------+--------+-----+--------+
         Total |  15098 |  14514 |    584 |   5580 |   6366 |  12 | 1258.2 |
       Dungeon |  14864 |  14302 |    562 |   5580 |   6156 |  11 | 1351.3 |
        Temple |    233 |    211 |     22 |      0 |    210 |   1 |  233.0 |
               +--------+--------+--------+--------+--------+-----+--------+

Top non-repeatable levels by time:
    D:10: 4196 daAuts
     D:6: 1689 daAuts
     D:1: 1365 daAuts
     D:5: 1270 daAuts
     D:9: 1106 daAuts
     D:8: 1093 daAuts
     D:7: 1077 daAuts
     D:2: 958 daAuts
     D:4: 892 daAuts
     D:3: 809 daAuts
    D:11: 405 daAuts
  Temple: 233 daAuts
